 Dungeon Crawl Stone Soup version 0.21.1-1-g345015f (webtiles) character file.

961 tyranidshit the Fighter (level 7, -2/62 HPs)
             Began as a Demonspawn Abyssal Knight on July 26, 2018.
             Was a Believer of Lugonu.
             Succumbed to an orc wizard's poison
             ... on level 5 of the Dungeon.
             The game lasted 00:11:47 (3002 turns).

tyranidshit the Fighter (Demonspawn Abyssal Knight) Turns: 3002, Time: 00:11:48

Health: -2/62      AC: 13    Str: 14    XL:     7   Next: 92%
Magic:  8/9        EV: 10    Int: 14    God:    Lugonu [**....]
Gold:   133        SH:  0    Dex: 12    Spells: 5/6 levels left

rFire    + . .     SeeInvis .   a - +2 hand axe
rCold    . . .     Gourm    .   (no shield)
rNeg     . . .     Faith    .   k - +0 ring mail
rPois    .         Spirit   +   (helmet restricted)
rElec    .         Reflect  .   (no cloak)
rCorr    .         Harm     .   q - +2 pair of gloves
MR       .....                  n - +1 pair of boots
Stlth    +.........             e - amulet of guardian spirit
HPRegen  0.20/turn              h - ring of protection from fire
MPRegen  0.11/turn              i - ring of flight

@: lethally poisoned (-2 -> -52)
A: horns 1, molten scales 1, powered by pain 1
a: Depart the Abyss, Bend Space, Renounce Religion, Evoke Flight


You were on level 5 of the Dungeon.
You worshipped Lugonu.
Lugonu was pleased with you.
You were not hungry.

You visited 1 branch of the dungeon, and saw 5 of its levels.
You visited the Abyss 1 time.

You collected 133 gold pieces.

Inventory:

Hand Weapons
 a - a +2 hand axe (weapon)
Armour
 k - a +0 ring mail (worn)
 n - a +1 pair of boots (worn)
 q - a +2 pair of gloves (worn)
Jewellery
 e - an amulet of guardian spirit (around neck)
 h - a ring of protection from fire (left hand)
 i - a ring of flight (right hand)
 o - an uncursed amulet of harm
Wands
 m - a wand of disintegration (3)
 s - a wand of digging (13)
Scrolls
 b - 2 scrolls of magic mapping
 g - 6 scrolls of identify
 l - 2 scrolls of remove curse
 r - a scroll of teleportation
 t - a scroll of enchant weapon
Potions
 d - a potion of brilliance
 u - a potion of flight
Books
 p - a book of Changes

   Spells                             Type                      Level
   a - Beastly Appendage              Transmutation                1
   b - Sticks to Snakes               Transmutation                2
   c - Spider Form                    Transmutation/Poison         3
   d - Ice Form                       Ice/Transmutation            4
   e - Blade Hands                    Transmutation                5
Comestibles
 c - 4 rations


   Skills:
 - Level 8.0 Fighting
 + Level 2.1 Axes
 - Level 3.3 Armour
 - Level 0.8 Dodging
 - Level 2.4 Invocations
 - Level 3.8 Evocations


You had 5 spell levels left.
You knew the following spells:

 Your Spells              Type           Power        Failure   Level  Hunger
a - Beastly Appendage     Tmut           #.....       50%         1    ##.....


Dungeon Overview and Level Annotations

Branches:
Dungeon (5/15)
 Temple: D:4-7

Altars:
Cheibriados


Innate Abilities, Weirdness & Mutations

You have a pair of small horns on your head.
You are partially covered in molten scales. (AC +2)
You sometimes gain a little power by taking damage.


Message History

The orc wizard hits you but does no damage.
You are more poisoned.
You closely miss the orc wizard. You headbutt the orc wizard.
The orc wizard is severely wounded.
* * * LOW HITPOINT WARNING * * *
You feel very sick.
The orc wizard hits you but does no damage.
You are more poisoned.
You hit the orc wizard.
The orc wizard is almost dead.
* * * LOW HITPOINT WARNING * * *
You feel very sick.
The orc wizard hits you with a dagger of venom.
* * * LOW HITPOINT WARNING * * *
You are more poisoned.
You hit the orc wizard.
You kill the orc wizard!
Lugonu accepts your kill.
Your Axes skill increases to level 2!
You die...

****,..........####.########***
**.........># #.# *
**........).## #.# *
***,....[......# #.# ########*
*,,,*,.......#.###.###.......,
*,****......##..##.##........,
**,* *######*#.........#######
**,,***#########........(.......
**,,,,,,........@)#.<............
*,,,****###########.#.#..........
*,,** ###.....#.†.......# ****
##.....###.........# ##....###
#.........# ########[..###
#.........# #.........##
#.........# #......{#o#
*****####.###### #......##.#
*,,,,* *,.# **,


There were no monsters in sight!

Vanquished Creatures
  The ghost of tyranidshit the Skirmisher, a novice DsAK of Lugonu (D:5)
  Sigmund (D:3)
  2 howler monkeys
  3 hounds
  2 orc wizards (D:5)
  Ijyb (D:4)
  An iguana (D:4)
  4 worker ants
  4 adders
  2 oozes
  2 adder skeletons
  3 worms
  4 leopard geckos
  3 orcs
  4 giant cockroaches
  8 goblins
  2 hobgoblins
  9 jackals
  4 kobolds
  2 quokkas
  3 bats
  3 frilled lizards
  5 rats (D:3)
73 creatures vanquished.

Notes
Turn   | Place    | Note
-------+----------+-------------------------------------------
     0 | Abyss:1  | tyranidshit the Demonspawn Abyssal Knight began the quest for the Orb.
     0 | Abyss:1  | Reached XP level 1. HP: 18/18 MP: 2/2
    44 | Abyss:1  | Noticed an ancient zyme
   114 | Abyss:3  | Noticed a cyan very ugly thing
   116 | Abyss:3  | Noticed a cyan very ugly thing
   117 | Abyss:3  | Noticed a cyan very ugly thing
   125 | D:1      | Escaped the Abyss
   174 | D:1      | Found a snail-covered altar of Cheibriados.
   462 | D:1      | Reached * piety under Lugonu
   462 | D:1      | Gained mutation: You have a pair of small horns on your head. [demonic ancestry]
   462 | D:1      | Reached XP level 2. HP: 19/24 MP: 3/3
   785 | D:1      | Reached skill level 4 in Fighting
   864 | D:2      | Reached XP level 3. HP: 27/30 MP: 4/4
  1699 | D:3      | Reached skill level 5 in Fighting
  1699 | D:3      | Gained mutation: You sometimes gain a little power by taking damage. [demonic ancestry]
  1699 | D:3      | Reached XP level 4. HP: 35/39 MP: 5/5
  1743 | D:3      | Noticed Sigmund
  1774 | D:3      | Killed Sigmund
  1774 | D:3      | Reached ** piety under Lugonu
  1774 | D:3      | Gained mutation: You are partially covered in molten scales. (AC +2) [demonic ancestry]
  1774 | D:3      | Reached XP level 5. HP: 22/44 MP: 5/7
  2058 | D:4      | Reached XP level 6. HP: 19/51 MP: 8/8
  2364 | D:4      | Noticed Ijyb
  2370 | D:4      | Killed Ijyb
  2855 | D:5      | Entered Level 5 of the Dungeon
  2855 | D:5      | Noticed tyranidshit's ghost (novice DsAK)
  2863 | D:5      | Killed tyranidshit's ghost
  2863 | D:5      | Reached skill level 7 in Fighting
  2863 | D:5      | Reached XP level 7. HP: 59/60 MP: 9/9
  2870 | D:5      | Learned a level 1 spell: Beastly Appendage
  2991 | D:5      | Reached skill level 8 in Fighting
  3001 | D:5      | HP: 3/62 [orc wizard/dagger of venom (1)]
  3002 | D:5      | Succumbed to an orc wizard's poison

Skill      XL: |  1  2  3  4  5  6  7 |
---------------+----------------------+-----
Fighting       | 4 5 7 8 |  8.0
Evocations     | 3 |  3.8
Armour         | 2 3 |  3.3
Axes           | 2 |  2.1
Dodging        | |  0.8
Invocations    | |  2.4

Action                   |  1- 3 |  4- 6 |  7- 9 || total
-------------------------+-------+-------+-------++-------
Melee: Hand axe          |   111 |    98 |    48 ||   257
       Headbutt          |    21 |    13 |     8 ||    42
Invok: Depart the Abyss  |     1 |       |       ||     1
Evoke: Wand              |       |    10 |     1 ||    11
  Use: Scroll            |     5 |     4 |     1 ||    10
       Potion            |     3 |     4 |       ||     7
  Eat: Chunk             |     2 |     1 |     1 ||     4
       Ration            |       |     1 |       ||     1
Armor: Leather armour    |     3 |       |       ||     3
       Ring mail         |    52 |    51 |    49 ||   152
Dodge: Dodged            |    66 |    64 |    35 ||   165
